 Dungeon Crawl Stone Soup version 0.28-a0-465-ge2dae52223 (webtiles) character file.

Game seed: 16119204651831313462

175 Spaninq the Magician (level 5, 0/35 HPs)
             Began as a Djinni Hedge Wizard on Sept 14, 2021.
             Was an Initiate of Ashenzari.
             Slain by a gnoll (7 damage)
             ... on level 6 of the Dungeon.
             The game lasted 00:05:41 (2670 turns).

Spaninq the Magician (Djinni Hedge Wizard)          Turns: 2670, Time: 00:05:42

Health: 0/35       AC:  2    Str:  9    XL:     5   Next: 86%
Gold:   41         EV: 12    Int: 16    God:    Ashenzari [......] SH:  0 Dex: 13

rFire   + + .      SeeInvis .   a - +0 dagger
rCold   x . .      Faith    .   (no shield)
rNeg    . . .      Spirit   .   b - +0 robe
rPois   ∞          Reflect  .   c - +0 hat
rElec   .          Harm     .   (no cloak)
rCorr   +          Rampage  .   (no gloves)
Will    .....                   (boots unavailable)
Stlth   ++........              (no amulet)
HPRegen 0.11/turn               i - ring of resist corrosion
MPRegen 0.00/turn               (no ring)

@: flying
A: sickness immunity, fire resistance 2, cold vulnerability 1, float, innate
caster, hp casting, extra vitality 1
a: Renounce Religion


You were on level 6 of the Dungeon.
You worshipped Ashenzari.
Ashenzari was noncommittal.
You visited 2 branches of the dungeon, and saw 5 of its levels.

You collected 41 gold pieces.

Inventory:

Hand Weapons
 a - a +0 dagger (weapon)
Armour
 b - a +0 robe (worn)
 c - a +0 hat (worn)
Jewellery
 i - a ring of resist corrosion (left hand)
Wands
 k - a wand of digging (1)
Scrolls
 j - a scroll of magic mapping
Potions
 d - a potion of ambrosia
 e - a potion of berserk rage
 f - a potion of brilliance
 g - a potion of heal wounds


   Skills:
 - Level 2.1 Dodging
 - Level 1.5 Stealth
 + Level 4.7 Spellcasting


You couldn't memorise any spells.
You knew the following spells:

 Your Spells              Type           Power      Damage    Failure   Level
a - Magic Dart            Conj           72%        1d6       2%          1
b - Blink                 Tloc           N/A        N/A       3%          2
c - Call Imp              Summ           18%        N/A       3%          2
d - Slow                  Hex            18%        N/A       3%          2
e - Conjure Flame         Conj/Fire      18%        6-21      7%          3
f - Mephitic Cloud        Conj/Pois/Air  18%        N/A       7%          3
g - Beastly Appendage     Tmut           36%        N/A       2%          1
h - Passwall              Tmut/Erth      15%        N/A       3%          2
Your spell library was empty.

Dungeon Overview and Level Annotations

Branches:
Dungeon (6/15)             Temple (1/1) D:6

Altars:
Ashenzari
Cheibriados
Dithmenos
Elyvilon
Fedhas
Hepliaklqana
Makhleb
Nemelex Xobeh
Okawaru
Qazlal
Ru
Trog
Uskayaw
Vehumet
Xom
Zin

Shops:
D:2 *


Innate Abilities, Weirdness & Mutations

You are immune to sickness and miasma.
You are immune to poison.
Your flesh is very heat resistant. (rF++)
You are vulnerable to cold. (rC-)
You float through the air rather than walking.
You learn spells naturally, not from books.
Your magical power is your life essence.
You have superior vitality. (+4 HP)


Message History

Found a hide-covered altar of Uskayaw and a glowing silver altar of Zin.
Found a bloodstained altar of Trog.
Found a snail-covered altar of Cheibriados.
There is a radiant altar of Vehumet here.
Found a broken altar of Ashenzari.
Found a shimmering altar of Xom.
Found a blossoming altar of Fedhas.
Found a stormy altar of Qazlal.
There is a shimmering altar of Xom here.
Found a white marble altar of Elyvilon.
Found an iron altar of Okawaru.
Found a shadowy altar of Dithmenos.
There is a fountain of sparkling water here.
Done exploring.
Done exploring.
Done exploring.
There is a broken altar of Ashenzari here.
You hover solemnly before the altar of Ashenzari.
Ashenzari welcomes you!
d - a potion of ambrosia;
e - a potion of berserk rage
f - a potion of brilliance;
g - a potion of heal wounds
h - a scroll of identify;
j - a scroll of magic mapping Ashenzari warns you of distant threats and treasures.
Ashenzari reveals the structure of the dungeon to you.
Ashenzari shows you where magical portals lie.
Ashenzari prevents you from stumbling into unseen traps.
Ashenzari identifies your possessions.
Okay, then.
Drop what? 11/52 slots (_ for help) (? for menu, Esc to quit)
You drop a potion of heal wounds.
g - a potion of heal wounds Drop what? 11/52 slots (_ for help) (? for menu, Esc to quit)
You drop a scroll of identify.
There is a sacrificial altar of Ru here.
There is a staircase back to the Dungeon here.
You fly upwards.
Welcome back to the Dungeon!
The gnoll hits you with a +0 flail!
There is a staircase to the Ecumenical Temple here.
The gnoll hits you from afar with a +0 spear!
There is a fountain of sparkling water here.
The gnoll hits you from afar with a +0 spear!
* * * LOW HITPOINT WARNING * * *
The gnoll hits you from afar with a +0 spear!
You die...

### #.. #.#
##.##### ......
.# # #.##.# .#
#.##@##.##.##
#.#.........###
#...g.g.......#
#.#..⌠...⌠..#
#.#......g..#.#
#......>.......
#.#.........#..
#.#..⌠...⌠..#
#.............#


You could see 3 gnolls.

Vanquished Creatures
  Natasha (thrice) (D:2)
  6 adders
  2 dart slugs (D:1)
  An orc (D:2)
  7 bats
  An endoplasm (D:1)
  A giant cockroach (D:1)
  4 goblins
  2 hobgoblins (D:1)
  A quokka (D:3)
  8 ball pythons
  5 frilled lizards
  6 kobolds
  6 rats
53 creatures vanquished.

Vanquished Creatures (others)
  A plant (D:2)
1 creature vanquished.

Grand Total: 54 creatures vanquished

Notes
Turn   | Place    | Note
-------+----------+-------------------------------------------
     0 | D:1      | Spaninq the Djinni Hedge Wizard began the quest for the
                  | Orb.
     0 | D:1      | Reached XP level 1. HP: 15/15 MP: 0/0
   146 | D:1      | Reached XP level 2. HP: 18/21 MP: 0/0
   305 | D:1      | Reached skill level 3 in Spellcasting
   686 | D:1      | Reached XP level 3. HP: 23/25 MP: 0/0
   686 | D:1      | Learned a level 1 spell: Beastly Appendage
  1181 | D:2      | Reached XP level 4. HP: 28/31 MP: 0/0
  1520 | D:2      | Reached skill level 4 in Spellcasting
  1603 | D:2      | Found Ynob's Assorted Antiques.
  1951 | D:2      | Noticed Natasha
  1954 | D:2      | Killed Natasha
  1955 | D:2      | Reached XP level 5. HP: 32/35 MP: 0/0
  1955 | D:2      | Learned a level 2 spell: Passwall
  2018 | D:2      | Found a faded altar of an unknown god.
  2064 | D:2      | Found a faded altar of an unknown god.
  2097 | D:2      | Noticed Natasha
  2100 | D:2      | Killed Natasha
  2176 | D:2      | Found Ynob's Assorted Antiques.
  2226 | D:2      | Noticed Natasha
  2233 | D:2      | Killed Natasha
  2482 | D:3      | You are sucked into a shaft and drop 3 floors!
  2482 | D:6      | Found a staircase to the Ecumenical Temple.
  2486 | Temple   | Entered the Ecumenical Temple
  2645 | Temple   | Became a worshipper of Ashenzari the Shackled
  2670 | D:6      | Slain by a gnoll

Illustrated notes

Levels and vault maps discovered:
D:1:      ncdulo_lavacross, layout_basic
D:2:      layout_loops_ring, shapermc_ecumenical_altar_petra, serial_shops,
          nicolae_shop_behind_doors, uniq_natasha
D:3:      layout_loops_corners, old_standard_altar,
          chequers_serial_rivers_room_a, uniq_robin, uniq_crazy_yiuf_cottage
D:6:      layout_basic, minmay_temple_entry_large_hall, wad_woods_river_04,
          minmay_misc_feat_five
Temple:   eino_temple_rhombus

Skill      XL: |  1  2  3  4 |
---------------+-------------+-----
Spellcasting   | 3 4 |  4.7
Dodging        | |  2.1
Stealth        | |  1.5

Action                   |  1- 3 |  4- 6 || total
-------------------------+-------+-------++-------
Melee: Dagger            |     5 |     2 ||     7
 Cast: Magic Dart        |    55 |    49 ||   104
Armor: Robe              |       |     1 ||     1
Dodge: Dodged            |     3 |     7 ||    10

Table legend: (Time is in decaauts)
 A = Elapsed time spent in this place.
 B = Non-inter-level travel time spent in this place.
 C = Inter-level travel time spent in this place.
 D = Time resting spent in this place.
 E = Time spent auto-exploring this place.
 F = Levels seen in this place.
 G = Mean time per level.
                   A        B        C        D        E       F      G
               +--------+--------+--------+--------+--------+-----+--------+
         Total |   2670 |   2620 |     50 |    230 |   2101 |   5 |  534.0 |
       Dungeon |   2491 |   2454 |     37 |    230 |   1967 |   4 |  622.8 |
        Temple |    178 |    165 |     13 |      0 |    134 |   1 |  178.0 |
               +--------+--------+--------+--------+--------+-----+--------+

Top non-repeatable levels by time:
     D:2: 1193 daAuts
     D:1: 1050 daAuts
     D:3: 238 daAuts
  Temple: 178 daAuts
     D:6: 9 daAuts
